 Dungeon Crawl Stone Soup version 0.28-b1-70-g80dc712255 (webtiles) character file.

Game seed: 12403059915403570400

126 croobank the Vexing (level 5, -1/25 HPs)
             Began as a Vine Stalker Arcane Marksman on Feb 3, 2022.
             Slain by an ice beast (11 damage)
             ... on level 3 of the Dungeon.
             The game lasted 00:16:44 (2851 turns).

croobank the Vexing (Vine Stalker Arcane Marksman)  Turns: 2851, Time: 00:16:45

Health: -1/25      AC:  7    Str: 15    XL:     5   Next: 10%
Magic:  0/7        EV: 12    Int: 13    God:
Gold:   95         SH:  0    Dex: 14    Spells: 1/6 levels left

rFire   + . .      SeeInvis .   a - +0 dagger
rCold   . . .      Faith    .   (no shield)
rNeg    . . .      Spirit   +   r - +0 leather armour
rPois   .          Reflect  .   o - +1 helmet
rElec   .          Harm     .   l - +0 cloak
rCorr   .          Rampage  .   i - +0 pair of gloves
Will    .....                   (no boots)
Stlth   +.........              (no amulet)
HPRegen 0.88/turn               w - ring of protection from fire
MPRegen 0.10/turn               (no ring)

@: no status effects
A: fangs 2, regeneration 1, magic shield, antimagic bite, no potion heal 2
a: no special abilities


You were on level 3 of the Dungeon.
You visited 1 branch of the dungeon, and saw 4 of its levels.

You collected 135 gold pieces.
You spent 40 gold pieces at shops.

Inventory:

Hand Weapons
 a - a +0 dagger (weapon)
 b - a +0 hand crossbow
Missiles
 n - 26 arrows
 s - 24 stones (quivered)
 u - 24 sling bullets
 v - 7 poisoned darts
Armour
 d - a +0 robe
 f - a +0 scale mail
 i - a +0 pair of gloves (worn)
 k - a +0 chain mail
 l - a +0 cloak (worn)
 o - a +1 helmet (worn)
 r - a +0 leather armour (worn)
 t - a +0 buckler
Jewellery
 w - a ring of protection from fire (left hand)
Scrolls
 j - a scroll of fog {unknown}
 q - a scroll of teleportation {unknown}
 x - a scroll of noise {unknown}
 y - a scroll of blinking {unknown}
Potions
 e - 2 potions of flight
 g - a potion of degeneration
 h - 2 potions of curing
 m - 3 potions of berserk rage {unknown}
 p - a potion of invisibility {unknown}


   Skills:
 + Level 1.6 Fighting
 + Level 0.2 Short Blades
 + Level 3.4 Crossbows
 + Level 0.4 Armour
 + Level 1.8 Dodging
 + Level 1.1 Stealth
 + Level 1.1 Spellcasting
 + Level 3.5 Hexes


You had one spell level left.
You knew the following spells:

 Your Spells              Type           Power      Damage    Failure   Level
a - Slow                  Hex            40%        N/A       8%          1
b - Cause Fear            Hex            5%         N/A       61%         4

Your spell library contained the following spells:

 Spells                   Type           Power      Damage    Failure   Level
 Inner Flame              Hex/Fire       5%         N/A       45%         3
 Portal Projectile        Hex/Tloc       10%        N/A       45%         3


Dungeon Overview and Level Annotations

Branches:
Dungeon (4/15)
 Temple: D:4-7

Altars:

Shops:
D:1 =   D:2 (!!?!


Innate Abilities, Weirdness & Mutations

You have extremely sharp teeth.
Your natural rate of healing is unusually fast.
When hurt, damage is shared between your health and your magic reserves.
Your bite disrupts and absorbs the magic of your enemies.
Potions cannot restore your health.


Message History

Press: ? - help, Q - select action, (/) - cycle Shift-Dir - straight line, f/p - ice beast
Aim: an ice beast (heavily wounded, 63% to hit)
You shoot a bolt. The bolt barely misses the ice beast.
The ice beast completely misses you.
Unknown command.
Fire: bolt
Press: ? - help, Q - select action, (/) - cycle Shift-Dir - straight line, f/p - ice beast
Aim: an ice beast (heavily wounded, 63% to hit)
You shoot a bolt. The bolt closely misses the ice beast.
The ice beast hits you but does no damage.
Unknown command.
Unknown command.
Unknown command.
a - a +0 dagger (weapon)
The ice beast misses you.
You closely miss the ice beast. Your bite misses the ice beast.
The ice beast is heavily wounded.
The ice beast hits you. The ice beast freezes you.
Okay, then.
You hit the ice beast but do no damage.
The ice beast is heavily wounded.
The ice beast hits you but does no damage.
You hit the ice beast but do no damage.
The ice beast is heavily wounded.
The ice beast misses you.
You hit the ice beast.
The ice beast is heavily wounded.
The ice beast closely misses you.
You hit the ice beast but do no damage.
You bite the ice beast, but do no damage.
The ice beast is heavily wounded.
The ice beast barely misses you.
You hit the ice beast but do no damage.
You bite the ice beast, but do no damage.
The ice beast is heavily wounded.
The ice beast closely misses you.
You hit the ice beast.
The ice beast is severely wounded.
The ice beast hits you. The ice beast freezes you!
You die...

#.# ######## #..Y
#(# ########.##
###.# #.#
#.......... ..#.#
#.# #.######.##
#.#.# #.# #.# #.#
#.#.# #.# #.# #.#
###+###.#.###.# #.#
#.# .......#.#.#Y#
#.# #.#
#.#.......#@# #.#
#.# #.........#.#
#.# #.#
#.#.###.....# #.# #
#.#
############.#######
#.#
#.................
## #.#
#.########.######.
.. #.# #.# #.#
#.#.#####.# #.#
#.......).# #.#


You could see an ice beast.

Vanquished Creatures
  Terence (D:2)
  A hound skeleton (D:4)
  3 adders
  3 worms
  2 dart slugs (D:1)
  An orc (D:3)
  4 bats (D:1)
  7 endoplasms
  3 giant cockroaches
  A hobgoblin (D:2)
  4 jackals (D:2)
  A quokka (D:1)
  2 ball pythons
  3 frilled lizards
  5 goblins
  6 kobolds
  A rat (D:1)
48 creatures vanquished.

Notes
Turn   | Place    | Note
-------+----------+-------------------------------------------
     0 | D:1      | croobank the Vine Stalker Arcane Marksman began the quest
                  | for the Orb.
     0 | D:1      | Reached XP level 1. HP: 9/9 MP: 3/3
   416 | D:1      | Reached XP level 2. HP: 14/14 MP: 4/4
   455 | D:1      | Reached skill level 1 in Fighting
   906 | D:1      | Found Ditico's Jewellery Emporium.
  1105 | D:2      | Reached XP level 3. HP: 15/18 MP: 5/5
  1151 | D:2      | Found Qarghuxaz's Weapon Boutique.
  1170 | D:2      | Found Yluew's Distillery.
  1294 | D:2      | Found Motoer's Distillery.
  1316 | D:2      | Gained mutation: Your natural rate of healing is unusually
                  | fast. [Vine Stalker growth]
  1316 | D:2      | Reached XP level 4. HP: 16/22 MP: 6/6
  1385 | D:2      | Found Fen Ygar's Distillery.
  1532 | D:2      | Noticed Terence
  1543 | D:2      | Killed Terence
  1544 | D:2      | Reached skill level 1 in Stealth
  1577 | D:2      | Found Mizywk's Magic Scroll Shop.
  1590 | D:2      | Bought a scroll of identify for 20 gold pieces
  1590 | D:2      | Bought a scroll of identify for 20 gold pieces
  2104 | D:3      | Learned a level 4 spell: Cause Fear
  2109 | D:3      | Noticed a shining eye
  2111 | D:3      | Found a faded altar of an unknown god.
  2115 | D:3      | Noticed an eye of devastation
  2122 | D:3      | Noticed a great orb of eyes
  2122 | D:3      | Noticed an eye of devastation
  2292 | D:3      | Noticed an ice beast
  2538 | D:4      | Reached XP level 5. HP: 25/25 MP: 7/7
  2851 | D:3      | Slain by an ice beast

Illustrated notes

Levels and vault maps discovered:
D:1:      mrwooster_arrival_statue, layout_loops_corners, serial_shops, shop
D:2:      layout_basic, serial_shops, shop, shop_fountains,
          nicolae_shop_bloodbath_and_beyond, nicolae_shop_waterfront,
          shop_statue, uniq_terence
D:3:      layout_basic, hellmonk_ecumenical_altar_watching_god,
          due_unseen_surprise
D:4:      nicolae_cairo_tiling_large_dashed, layout_basic

Skill      XL: |  1  2  3  4 |
---------------+-------------+-----
Crossbows      | 2 3 |  3.4
Fighting       | 1 |  1.6
Stealth        | 1 |  1.1
Short Blades   | |  0.2
Armour         | |  0.4
Dodging        | |  1.8
Spellcasting   | |  1.1
Hexes          | |  3.5

Action                   |  1- 3 |  4- 6 || total
-------------------------+-------+-------++-------
Melee: Dagger            |     8 |   104 ||   112
       Unarmed           |     4 |       ||     4
       Bite              |     3 |    29 ||    32
 Fire: Hand crossbow     |    67 |    16 ||    83
 Cast: Slow              |       |     7 ||     7
       Cause Fear        |       |     1 ||     1
  Use: Scroll            |       |     5 ||     5
       Potion            |       |     1 ||     1
Armor: Robe              |    19 |     3 ||    22
       Leather armour    |       |    44 ||    44
Dodge: Dodged            |    37 |    70 ||   107
